 Dungeon Crawl Stone Soup version 0.28-a0-845-gfc338a8e3c (webtiles) character file.

Game seed: 4919146279553955513

0 spiderkeys the Ducker (level 1, -1/13 HPs)
             Began as a Deep Elf Abyssal Knight on Nov 13, 2021.
             Was a Follower of Lugonu.
             Constricted to death by a starspawn tentacle (3 damage)
             ... attached to a tentacled starspawn
             ... on level 2 of the Abyss.
             The game lasted 00:00:20 (71 turns).

spiderkeys the Ducker (Deep Elf Abyssal Knight)       Turns: 71, Time: 00:00:21

Health: -1/13      AC:  3    Str: 10    XL:     1   Next: 0%
Magic:  4/4        EV:  9    Int: 14    God:    Lugonu [*.....]
Gold:   0          SH:  0    Dex: 15    Spells: 0/0 levels left

rFire   . . .      SeeInvis .   a - +1 short sword
rCold   . . .      Faith    .   (no shield)
rNeg    . . .      Spirit   .   b - +0 leather armour
rPois   .          Reflect  .   (no helmet)
rElec   .          Harm     .   (no cloak)
rCorr   .          Rampage  .   (no gloves)
Will    .....                   (no boots)
Stlth   +.........              (no amulet)
HPRegen 0.04/turn               (no ring)
MPRegen 0.09/turn               (no ring)

@: constricted
A: no striking features
a: Renounce Religion, Depart the Abyss


You were on level 2 of the Abyss.
You worshipped Lugonu.
Lugonu was aware of your devotion.
You visited 0 branches of the dungeon, and saw 0 of its levels.
You visited the Abyss 1 time.


   Skills:
 + Level 2.4 Fighting
 + Level 2.0 Short Blades
 + Level 0.7 Armour
 + Level 2.4 Dodging
 + Level 2.0 Invocations


You couldn't memorise any spells.
You didn't know any spells.
Your spell library was empty.

Inventory:

Hand Weapons
 a - a +1 short sword (weapon)
 d - a +0 lajatang
   (You found it on level 2 of the Abyss)
Armour
 b - a +0 leather armour (worn)
Potions
 c - a potion of attraction {unknown}

Dungeon Overview and Level Annotations

Branches:
Dungeon (0/15)

Altars:

####.##.#..... .. ..
##..##.............# .
..#........... ##....
#..##..............Xw...
.?#.#..........#......
#..#.........#.. ..# .
#.........p..#. #..
#.#...─X.......#.. .. ##
#..@/.#u##.##.. .#.$
#...#.wx.u..#.# ## .. #.
#............
#..........#.#(
...#.#.......#..##
#........)........
...#.#....#.#.....
#....#.......#... # #.
...........


You could see a purple very ugly thing (summoned), a tentacled starspawn, a
vault sentinel (summoned), a worldbinder and a starspawn tentacle.


Message History

🤖 Initializing magus.rc ... ✅ Successfully initialized magus.rc [v1.9.10] Welcome, spiderkeys the Deep Elf Abyssal Knight.
Will you be the one to retrieve the splendid Orb of Zot from the depths?
Lugonu says: Depart the Abyss and spread corruption, my servant! (use the ability menu to exit the Abyss) Press ? for a list of commands and other information.
Found a corrupted altar of Lugonu.
Found a gateway leading deeper into the Abyss.
Unknown command.
Found a gateway leading deeper into the Abyss.
There is a gateway leading deeper into the Abyss here.
c - a glowing brown potion
There is a gateway leading deeper into the Abyss here.
You plunge deeper into the Abyss.
You see here a +0 lajatang.
d - a +0 lajatang A tentacled starspawn comes into view.
A tentacle flies out from the starspawn's body!
A starspawn tentacle comes into view.
A worldbinder comes into view. 2 starspawn tentacles come into view.
The starspawn tentacle barely misses you.
The starspawn tentacle grabs you.
The starspawn tentacle constricts you. 😕 HP[-2]
You take 2 damage, and now have 11/13 hp.
The starspawn tentacle's grasp on you weakens, but your attempt to escape fails.
The starspawn tentacle loses its grip on you.
The tentacle pulls you backwards!
A starspawn tentacle segment comes into view.
The worldbinder calls forth creatures from the Vaults!
The starspawn tentacle closely misses you.
The starspawn tentacle grabs you. The starspawn tentacle constricts you.
A starspawn tentacle segment comes into view. 😮 HP[-2]
You take 2 damage, and now have 9/13 hp.
You escape the starspawn tentacle's grasp.
The vault sentinel blows a loud note on a signal horn!
The starspawn tentacle closely misses you.
You hear a roar!
The starspawn tentacle barely misses you.
The starspawn tentacle grabs you.
The starspawn tentacle constricts you. 😮 HP[-2]
You take 2 damage, and now have 7/13 hp.
The starspawn tentacle's grasp on you weakens, but your attempt to escape fails.
The starspawn tentacle constricts you.
* * * LOW HITPOINT WARNING * * *
😨 HP[-2]
You take 2 damage, and now have 5/13 hp.
The starspawn tentacle's grasp on you weakens, but your attempt to escape fails.
The starspawn tentacle loses its grip on you.
The tentacle pulls you backwards!
A starspawn tentacle segment comes into view.
The starspawn tentacle grabs you. The starspawn tentacle constricts you.
* * * LOW HITPOINT WARNING * * *
A starspawn tentacle segment comes into view. 😱 HP[-3]
You take 3 damage, and now have 2/13 hp.
MASSIVE DAMAGE!! (PAUSE)
You escape the starspawn tentacle's grasp.
The starspawn tentacle grabs you. The starspawn tentacle constricts you.
You die...

Action                   || total
-------------------------++-------
Dodge: Dodged            ||     4

Levels and vault maps discovered:
Abyss:2:  base:
Temple

Notes
Turn   | Place    | Note
-------+----------+-------------------------------------------
     0 | Abyss:1  | spiderkeys the Deep Elf Abyssal Knight began the quest for
                  | the Orb.
     0 | Abyss:1  | Reached XP level 1. HP: 13/13 MP: 4/4
     0 | Abyss:1  | magus.rc [v1.9.10]
    54 | Abyss:2  | Noticed a tentacled starspawn
    61 | Abyss:2  | Noticed a worldbinder
    67 | Abyss:2  | Noticed a vault sentinel
    67 | Abyss:2  | Noticed a purple very ugly thing
    67 | Abyss:2  | Noticed a red very ugly thing
    70 | Abyss:2  | HP: 2/13 [constriction[a tentacled starspawn] (3)]
    71 | Abyss:2  | Constricted to death by a starspawn tentacle

Vanquished Creatures (others)
  3 starspawn tentacles (Abyss:2)
3 creatures vanquished.

Table legend:
 A = Non-vault XP
 B = Vault XP
 C = Vault XP percentage of total XP
 D = Non-vault monster count
 E = Vault monster count
 F = Vault count percentage of total count
                 A         B        C        D         E       F
            +---------+---------+-------+---------+---------+-------
      Total |       0 |       0 |   N/A |       0 |       0 |  -nan
            +---------+---------+-------+---------+---------+-------
            +---------+---------+-------+---------+---------+-------

Illustrated notes

Table legend: (Time is in decaauts)
 A = Elapsed time spent in this place.
 B = Non-inter-level travel time spent in this place.
 C = Inter-level travel time spent in this place.
 D = Time resting spent in this place.
 E = Time spent auto-exploring this place.
 F = Levels seen in this place.
 G = Mean time per level.
                   A        B        C        D        E       F      G
               +--------+--------+--------+--------+--------+-----+--------+
         Total |     70 |     70 |      0 |      0 |      3 |   2 |   35.0 |
         Abyss |     70 |     70 |      0 |      0 |      3 |   2 |   35.0 |
               +--------+--------+--------+--------+--------+-----+--------+

Top non-repeatable levels by time:
 Abyss:1: 43 daAuts
 Abyss:2: 27 daAuts
